 Dungeon Crawl Stone Soup version 0.15.2 (webtiles) character file.

4110 vonhedlund the Hoplite (level 10, -15/83 HPs)
             Began as a Minotaur Fighter on Nov 19, 2014.
             Was an Elder of Okawaru.
             Killed from afar by Harold (25 damage)
             ... with a bolt of fire
             ... on Level 10 of the Dungeon on Nov 21, 2014.
             The game lasted 01:29:05 (7432 turns).

vonhedlund the Hoplite (Minotaur Fighter)           Turns: 7432, Time: 01:29:05

HP -15/83        AC 19     Str 21      XL: 10   Next:  6%
MP   4/4         EV  6     Int  7      God: Okawaru [****..]
Gold 183         SH 11     Dex 11      Spells:  0 memorised,  9 levels left

rFire  . . .     SeeInvis .     a - +1 flail (protect)
rCold  . . .     Clarity  .     F - +2 chain mail {rPois}
rNeg   . . .     rCorr    .     c - +0 shield
rPois  +         rRot     .     (helmet restricted)
rElec  .         Spirit   .     (no cloak)
SustAb .         Warding  .     B - +0 pair of gloves
rMut   .         Stasis   .     (no boots)
Gourm  .                        (no amulet)
MR     .....                    (no ring)
                                (no ring)

@: not resistant to hostile enchantments, extremely unstealthy
A: retaliatory headbutt, horns 2
a: Heroism, Renounce Religion


You were on level 10 of the Dungeon.
You worshipped Okawaru.
Okawaru was greatly pleased with you.
You were not hungry.

You visited 2 branches of the dungeon, and saw 12 of its levels.

You collected 372 gold pieces.
You spent 189 gold pieces at shops.

Inventory:

Hand weapons
 a - a +1 flail of protection (weapon)
 b - a +0 hunting sling
 f - a +1 trident of venom
 m - a +0 shortbow
Missiles
 g - 208 stones (quivered)
 i - 87 arrows
 D - 47 sling bullets
 M - 9 silver sling bullets
Armour
 c - a +0 shield (worn)
 v - the +0 leather armour of Hairiness {MR++}
   (You found it on level 4 of the Dungeon)

   It affects your resistance to hostile enchantments.
 y - the +2 leather armour of Slovenliness {-Tele +Rage rPois rC+ Int+2}
   (You bought it in a shop on level 4 of the Dungeon)

   It affects your intelligence (+2).
   It protects you from cold.
   It protects you from poison.
   It lets you go berserk.
   It prevents most forms of teleportation.
 B - a +0 pair of gloves (worn)
 F - a +2 chain mail of poison resistance (worn)
Magical devices
 n - a wand of polymorph (0)
Comestibles
 d - 2 bread rations
 o - 2 meat rations
Scrolls
 h - 5 scrolls of remove curse
 j - 2 scrolls of magic mapping {unknown}
 k - a scroll of noise {unknown}
 q - 2 scrolls of recharging {unknown}
 t - a scroll of enchant armour {unknown}
 x - a scroll of silence {unknown}
 A - 2 scrolls of identify
 E - 2 scrolls of blinking {unknown}
 I - a scroll of enchant weapon {unknown}
 K - a scroll of immolation {unknown}
Jewellery
 p - a cursed ring of teleportation {unknown}
 C - an uncursed ring of positive energy {unknown}
 G - an uncursed amulet of clarity
 H - a cursed -2 ring of protection {unknown}
Potions
 e - a potion of might
 l - 2 potions of cancellation {unknown}
 r - 2 potions of restore abilities {unknown}
 s - a potion of haste {unknown}
 u - a potion of magic {unknown}
 w - a potion of poison {unknown}
 z - a potion of heal wounds {unknown}
 J - 2 potions of brilliance {unknown}
 L - a potion of curing


   Skills:
 + Level 6.2 Fighting
 + Level 7.0 Maces & Flails
 + Level 7.2 Slings
 + Level 8.1 Armour
 + Level 6.0 Dodging
 + Level 0.5 Stealth
 + Level 9.1 Shields
 + Level 0.6 Invocations


You had 9 spell levels left.
You didn't know any spells.

Dungeon Overview and Level Annotations

Branches:
Dungeon (11/15)            Temple (1/1) D:4
    Orc: D:9-12        Lair: D:8-11

Altars:
Ashenzari
Cheibriados
Dithmenos
Elyvilon
Fedhas
Kikubaaqudgha
Makhleb
Nemelex Xobeh
Okawaru
Qazlal
Sif Muna
Trog
Vehumet
Xom
Yredelemnul
Zin
The Shining One

Shops:
D:4 [

Annotations:
D:10 Harold


Innate Abilities, Weirdness & Mutations

You reflexively headbutt those who attack you in melee.
You have a pair of horns on your head.


Message History

You see here a throwing net.
You try to slip out of the net.
You try to slip out of the net.
You struggle against the net.
You slip out of the net!
Harold pauses a moment, imagining something with a smile on his face.
A komodo dragon comes into view.
Harold points at you and mumbles some strange words.
The bolt of fire misses you.
Harold throws a throwing net.
You block the throwing net.
You see here a throwing net.
Harold casts a spell at you. The bolt of fire hits you!
You hear the faint creaking of an oriflamme, a long way away.
Harold gestures at you while chanting. The bolt of fire hits you!
* * * LOW HITPOINT WARNING * * *
Harold casts a spell at you. The bolt of fire hits you!
You die...

###### #########....###
#......@..##.#.#
##@########.....###
88............[..........
...####....##<#..#...###
####.####..#.#####
.........#.@.#
#########.#.# ...#..
#.##### ... #


You could see Harold.

Vanquished Creatures
  A feature mimic (D:7)
  A troll (D:9)
  A hippogriff (D:8)
  A hungry ghost (D:7)
  A wyvern (D:9)
  Edmund (D:5)
  3 black bears
  2 ice beasts
  2 sky beasts
  2 ogres
  2 orc warriors
  3 centaurs
  A phantom (D:4)
  4 giant frogs (D:6)
  3 scorpions
  5 killer bees
  3 goliath beetles
  A centaur zombie (D:5)
  5 crimson imps
  3 orc priests
  A jelly (D:5)
  2 giant frog skeletons
  5 hounds
  4 orc wizards
  4 worker ants
  Jessica (D:3)
  2 hound skeletons (D:6)
  A worker ant zombie (D:6)
  7 adders
  8 gnolls
  3 shadow imps
  An orc skeleton (D:9)
  2 giant mites (D:7)
  2 worms
  An adder zombie (D:5)
  An adder skeleton (D:4)
  An iguana skeleton (D:4)
  An ooze (D:3)
  13 orcs
  2 ball pythons
  9 bats
  4 giant cockroaches
  12 goblins
  22 hobgoblins
  8 jackals
  13 kobolds
  6 giant geckos
  4 giant newts
  A giant spore (D:7)
  2 hobgoblin skeletons (D:7)
  11 rats
  A rat skeleton (D:4)
  7 ballistomycetes (D:7)
207 creatures vanquished.

Notes
Turn   | Place    | Note
--------------------------------------------------------------
     0 | D:1      | vonhedlund, the Minotaur Fighter, began the quest for the Orb.
     0 | D:1      | Reached XP level 1. HP: 19/19 MP: 1/1
   157 | D:1      | Reached skill level 4 in Armour
   157 | D:1      | Reached XP level 2. HP: 21/27 MP: 1/1
   456 | D:1      | Reached XP level 3. HP: 30/33 MP: 2/2
  1119 | D:2      | Reached XP level 4. HP: 26/40 MP: 2/2
  1456 | D:3      | Noticed Jessica
  1470 | D:3      | Killed Jessica
  1470 | D:3      | Reached skill level 1 in Dodging
  1891 | D:3      | Reached XP level 5. HP: 17/47 MP: 2/2
  2201 | D:4      | Noticed an ogre
  2303 | D:4      | Found a staircase to the Ecumenical Temple.
  2375 | D:4      | Got a heavily runed leather armour
  2388 | D:4      | Identified the +0 leather armour of Hairiness {MR++} (You found it on level 4 of the Dungeon)
  2401 | D:5      | Entered Level 5 of the Dungeon
  2401 | D:5      | Found a shattered altar of Ashenzari.
  2432 | D:4      | Reached skill level 5 in Shields
  2610 | D:4      | Reached skill level 5 in Armour
  2610 | D:4      | Reached XP level 6. HP: 27/53 MP: 3/3
  2699 | D:4      | Noticed a phantom
  2710 | D:4      | Killed a phantom
  2710 | D:4      | Reached skill level 1 in Slings
  2869 | D:4      | Killed an ogre
  2869 | D:4      | Reached skill level 5 in Fighting
  2869 | D:4      | Reached XP level 7. HP: 15/61 MP: 3/3
  2880 | D:4      | Found Gonasch's Antique Armour Shop.
  2930 | D:4      | Bought a fine leather armour for 189 gold pieces
  2943 | D:4      | Identified the +2 leather armour of Slovenliness {-Tele +Rage rPois rC+ Int+2} (You bought it in a shop on level 4 of the Dungeon)
  3041 | Temple   | Entered the Ecumenical Temple
  3102 | Temple   | Became a worshipper of Warmaster Okawaru
  3515 | D:5      | Reached skill level 5 in Maces & Flails
  3515 | D:5      | Reached skill level 6 in Shields
  3643 | D:5      | Noticed Edmund
  3865 | D:5      | Noticed a centaur
  3871 | D:5      | Killed a centaur
  4046 | D:5      | Acquired Okawaru's first power
  4414 | D:6      | Reached XP level 8. HP: 42/68 MP: 3/3
  4607 | D:6      | Reached skill level 7 in Shields
  5466 | D:6      | Reached XP level 9. HP: 53/74 MP: 4/4
  5623 | D:6      | Reached skill level 5 in Dodging
  5654 | D:6      | Reached skill level 5 in Slings
  5728 | D:7      | Found a burning altar of Makhleb.
  5778 | D:6      | Reached skill level 8 in Shields
  6599 | D:7      | Killed a staircase mimic
  6848 | D:5      | Killed Edmund
  7228 | D:9      | Reached skill level 9 in Shields
  7311 | D:9      | Reached XP level 10. HP: 73/83 MP: 4/4
  7340 | D:9      | Received a gift from Okawaru
  7379 | D:10     | Entered Level 10 of the Dungeon
  7404 | D:10     | Noticed Harold
  7432 | D:10     | Killed from afar by Harold

Action                   |  1- 3 |  4- 6 |  7- 9 | 10-12 || total
-------------------------+-------+-------+-------+-------++-------
Melee: Flail             |    97 |   173 |   461 |    12 ||   743
       Trident           |       |       |     2 |       ||     2
 Fire: Hunting sling     |    11 |     6 |   156 |       ||   173
Throw: Stone             |       |       |     1 |       ||     1
Invok: Heroism           |       |       |     1 |       ||     1
  Use: Potion            |       |     1 |     1 |       ||     2
       Scroll            |       |       |     2 |       ||     2
  Eat: Chunk             |     1 |     4 |     2 |       ||     7
       Fruit             |       |     2 |     8 |       ||    10
       Royal jelly       |       |       |     1 |       ||     1
       Beef jerky        |       |       |     2 |       ||     2
       Meat ration       |       |       |     1 |       ||     1
